 Dungeon Crawl Stone Soup version 0.27.0 (webtiles) character file.

Game seed: 11314008835454282762

0 Persephone the Bolt Thrower (level 1, -1/16 HPs)
             Began as a Formicid Hunter on July 30, 2021.
             Slain by a jackal (3 damage)
             ... on level 1 of the Dungeon.
             The game lasted 00:00:26 (39 turns).

Persephone the Bolt Thrower (Formicid Hunter)         Turns: 39, Time: 00:00:26

Health: -1/16      AC:  3    Str: 16    XL:     1   Next: 11%
Magic:  1/1        EV: 11    Int: 10    God:
Gold:   0          SH:  0    Dex: 11    Spells: 0/0 levels left

rFire    . . .     SeeInvis +   b - +0 short sword
rCold    . . .     Faith    .   (no shield)
rNeg     . . .     Spirit   .   c - +0 leather armour
rPois    .         Reflect  .   (helmet unavailable)
rElec    .         Harm     .   (no cloak)
rCorr    .         Rampage  .   (no gloves)
Will     .....                  (no boots)
Stlth    +.........             (no amulet)
HPRegen  0.05/turn              (no ring)
MPRegen  0.07/turn              (no ring)

@: no status effects
A: permanent stasis, dig shafts and tunnels, antennae 3, four strong arms
a: Dig, Shaft Self


You were on level 1 of the Dungeon.
You visited 1 branch of the dungeon, and saw 1 of its levels.

Inventory:

Hand Weapons
 a - a +1 hand crossbow
 b - a +0 short sword (weapon)
Missiles
 d - 19 bolts
Armour
 c - a +0 leather armour (worn)


   Skills:
 + Level 2.2 Fighting
 + Level 4.0 Crossbows
 + Level 0.0 Armour
 - Level 1.7 Dodging
 - Level 1.2 Stealth


You couldn't memorise any spells.
You didn't know any spells.
Your spell library was empty.

Dungeon Overview and Level Annotations

Branches:
Dungeon (1/15)

Altars:


Innate Abilities, Weirdness & Mutations

You cannot be hasted, slowed, berserked, paralysed or teleported.
You can dig through walls and to a lower floor.
You have a pair of large antennae on your head. (SInv)
Your four strong arms can wield two-handed weapons with a shield.


Message History

The jackal bites you but does no damage. x2
The jackal closely misses you.
You hit the jackal but do no damage.
The jackal is moderately wounded.
The jackal barely misses you. The jackal closely misses you.
The jackal barely misses you.
The jackal bites you but does no damage.
The jackal barely misses you. The jackal bites you.
You closely miss the jackal.
The jackal is moderately wounded.
The jackal barely misses you. The jackal misses you.
The jackal bites you but does no damage. x2
You miss the jackal.
The jackal is moderately wounded.
The jackal barely misses you. x2; The jackal misses you.
The jackal closely misses you. The jackal bites you.
You hit the jackal but do no damage.
The jackal is moderately wounded.
The jackal barely misses you.
The jackal bites you but does no damage.
The jackal closely misses you. The jackal misses you.
The jackal barely misses you. The jackal closely misses you.
The jackal bites you. x2; The jackal completely misses you.
The jackal bites you but does no damage.
The jackal barely misses you.
The jackal bites you but does no damage. x2
The jackal misses you. The jackal bites you.
* * * LOW HITPOINT WARNING * * *
The jackal bites you but does no damage.
The jackal bites you.
* * * LOW HITPOINT WARNING * * *
The jackal bites you.
* * * LOW HITPOINT WARNING * * *
The jackal bites you but does no damage.
The jackal closely misses you. The jackal barely misses you.
The jackal barely misses you. x2
The jackal bites you but does no damage.
The jackal barely misses you. The jackal barely misses you.
The jackal bites you.
You die...

##≈≈≈≈≈≈....≈≈≈≈≈≈≈≈≈
.##≈≈≈≈≈...≈≈≈≈≈≈≈≈≈≈
..#.≈≈≈....≈≈≈≈≈≈≈≈≈≈
..'........≈≈≈≈≈≈≈≈≈
..#.........≈≈≈≈≈≈≈≈
.##≈≈≈......(.≈≈#####
##≈≈≈≈≈≈≈......##...##
≈≈≈≈≈≈≈≈≈≈.....#h....#
≈≈≈≈≈≈≈≈≈≈≈...hh@..>.#
≈≈≈≈≈≈≈≈≈≈≈...h#h....#
≈≈≈≈≈≈≈≈≈≈≈....##...##
≈≈≈≈≈≈≈≈≈≈≈≈...)#####
≈≈≈≈≈≈≈≈≈≈≈≈.....
≈≈≈≈≈≈.....≈≈ {
≈≈≈........≈
...........


You could see 5 jackals.

Vanquished Creatures
  A frilled lizard (D:1)
1 creature vanquished.

Notes
Turn   | Place    | Note
-------+----------+-------------------------------------------
     0 | D:1      | Persephone the Formicid Hunter began the quest for the Orb.
     0 | D:1      | Reached XP level 1. HP: 16/16 MP: 1/1
    39 | D:1      | Slain by a jackal

Illustrated notes

Levels and vault maps discovered:
D:1:      minmay_arrival_shoal_huts, layout_loops_ring

Action                   || total
-------------------------++-------
Melee: Short sword       ||     9
 Fire: Hand crossbow     ||     1
Armor: Leather armour    ||    14
Dodge: Dodged            ||    32
